AoeStats
← 知耻而后勇喜笑颜开

Arabia

508156703Analyzed
1v1 RM · 11d ago on Sep 21, 2026· 32m 24s· 2 players
Game mode
Random Map
Map size
Tiny (2 player)
Population
200
Speed
Normal
Resources
Standard
Victory
Conquest
Starting age
Dark Age
Ending age
Imperial Age
RankedLock teamsTeams togetherTeam positionsShared explorationLock speedFull tech treeHidden civsTurbo modeCheats
Victory
Defeat
1433
+14
🇦🇷 Shu · Argentina
1392
-14
知耻而后勇喜笑颜开
5:00 Loom
11:11 Feudal Age
11:48 Double-Bit Axe
15:04 Castle Age
13:32 Fletching
16:16 Bow Saw
16:43 Wheelbarrow
16:27 Gold Mining
18:35 Stone Mining
18:52 Town Watch
27:30 Sanctity
30:11 Bodkin Arrow
32:33 Murder Holes
Wololooo
8:10 Loom
10:06 Feudal Age
15:00 Castle Age
14:35 Double-Bit Axe
19:17 Town Watch
22:45 Bow Saw
22:40 Horse Collar
27:00 Scale Barding Armor
27:58 Wheelbarrow
Connection lost

Rejoining the realm…

Still unreachable

The connection could not be restored.

Session expired

The server has moved on; the page needs a fresh start.